 Dungeon Crawl Stone Soup version 0.28-a0-1506-g3893175d92 (webtiles) character file.

Game seed: 8812189819358553066

68 a3don the Magician (level 4, -4/25 HPs)
             Began as a Kobold Hedge Wizard on Jan 13, 2022.
             Was a Follower of the Shining One.
             Slain by Terence (9 damage)
             ... on level 3 of the Dungeon.
             The game lasted 00:04:39 (3121 turns).

a3don the Magician (Kobold Hedge Wizard)            Turns: 3121, Time: 00:04:40

Health: -4/25      AC:  2    Str:  7    XL:     4   Next: 41%
Magic:  3/9        EV: 15    Int: 17    God:    the Shining One [*.....]
Gold:   74         SH:  0    Dex: 14    Spells: 6/10 levels left

rFire   . . .      SeeInvis .   e - +2 dagger (flame)
rCold   . . .      Faith    .   (no shield)
rNeg    . . .      Spirit   .   b - +0 robe
rPois   .          Reflect  .   c - +0 hat
rElec   .          Harm     .   (no cloak)
rCorr   .          Rampage  .   (no gloves)
Will    .....                   (no boots)
Stlth   ++........              (no amulet)
HPRegen 0.08/turn               (no ring)
MPRegen 0.11/turn               (no ring)

@: glowing
A: small, no large weapons, nightstalker 3
a: Renounce Religion, Divine Shield


You were on level 3 of the Dungeon.
You worshipped the Shining One.
The Shining One was aware of your devotion.
You visited 1 branch of the dungeon, and saw 3 of its levels.

You collected 74 gold pieces.

Inventory:

Hand Weapons
 a - a +0 dagger
 e - a +2 dagger of flaming (weapon)
 j - a +0 hunting sling
Missiles
 d - 7 poisoned darts (quivered)
 f - 11 stones
Armour
 b - a +0 robe (worn)
 c - a +0 hat (worn)
Scrolls
 g - 2 scrolls of identify {unknown}
 h - 2 scrolls of teleportation {unknown}
 i - a scroll of torment {unknown}
 l - a scroll of brand weapon {unknown}
Potions
 k - a potion of mutation {unknown}
 m - a potion of brilliance {unknown}


   Skills:
 + Level 1.1 Fighting
 * Level 2.2 Short Blades
 + Level 2.8 Dodging
 + Level 3.1 Stealth
 + Level 3.5 Spellcasting
 + Level 1.5 Conjurations
 + Level 1.4 Summonings
 - Level 1.0 Translocations
 * Level 0.3 Earth Magic
 + Level 0.4 Invocations


You had 6 spell levels left.
You knew the following spells:

 Your Spells              Type           Power      Damage    Failure   Level
a - Magic Dart            Conj           32%        1d4       9%          1
b - Stone Arrow           Conj/Erth      12%        3d7       34%         3

Your spell library contained the following spells:

 Spells                   Type           Power      Damage    Failure   Level
 Sandblast                Erth           8%         2d5       14%         1
 Call Imp                 Summ           7%         N/A       14%         2
 Blink                    Tloc           12%        N/A       16%         2
 Slow                     Hex            12%        N/A       17%         1
 Passwall                 Tmut/Erth      2%         N/A       24%         2
 Conjure Flame            Conj/Fire      5%         6-21      36%         3
 Mephitic Cloud           Conj/Pois/Air  4%         N/A       38%         3


Dungeon Overview and Level Annotations

Branches:
Dungeon (3/15)

Altars:
The Shining One

Annotations:
D:3 Terence


Innate Abilities, Weirdness & Mutations

You are small and have problems with some larger weapons.
You are completely attuned to the shadows.


Message History

Aim: Terence, wielding a +0 mace and wearing a +0 chain mail (moderately wounded, 100% to hit)
You miscast Magic Dart.
You are very lightly contaminated with residual magic.
Nothing appears to happen.
Terence hits you with a +0 mace!
* * * LOW HITPOINT WARNING * * *
You are too injured to fight recklessly!
Okay, then.
Throw: 12 darts (poison)
Press: ? - help, Q - select action, (/) - cycle Shift-Dir - straight line, f/p - Terence
Aim: Terence, wielding a +0 mace and wearing a +0 chain mail (moderately wounded, 65% to hit)
You throw a poisoned dart.
The poisoned dart barely misses Terence.
Terence misses you.
Throw: 11 darts (poison)
Press: ? - help, Q - select action, (/) - cycle Shift-Dir - straight line, f/p - Terence
Aim: Terence, wielding a +0 mace and wearing a +0 chain mail (moderately wounded, 65% to hit)
You throw a poisoned dart. The poisoned dart hits Terence.
Terence is poisoned.
Terence is moderately wounded.
Terence misses you.
Terence shouts, "DIE!!!"
Your magical contamination has completely faded away.
Throw: 10 darts (poison)
Press: ? - help, Q - select action, (/) - cycle Shift-Dir - straight line, f/p - Terence
Aim: Terence, wielding a +0 mace and wearing a +0 chain mail (heavily wounded, poisoned, 65% to hit)
You throw a poisoned dart.
The poisoned dart closely misses Terence.
Terence looks more healthy.
Terence barely misses you.
Throw: 9 darts (poison)
Press: ? - help, Q - select action, (/) - cycle Shift-Dir - straight line, f/p - Terence
Aim: Terence, wielding a +0 mace and wearing a +0 chain mail (heavily wounded, 65% to hit)
You throw a poisoned dart. The poisoned dart hits Terence.
Terence is heavily wounded.
Terence barely misses you.
Throw: 8 darts (poison)
Press: ? - help, Q - select action, (/) - cycle Shift-Dir - straight line, f/p - Terence
Aim: Terence, wielding a +0 mace and wearing a +0 chain mail (heavily wounded, 65% to hit)
You throw a poisoned dart. The poisoned dart hits Terence.
Terence is heavily wounded.
Terence hits you with a +0 mace!
You die...

..# #.#
#.# #.#
#@# #@#
#.# #.#
####(####
....<...#
.###(....
.(...#
#######


You could see Terence.

Vanquished Creatures
  3 adders (D:2)
  2 dart slugs (D:1)
  3 bats (D:1)
  3 endoplasms
  A giant cockroach (D:1)
  4 goblins
  5 hobgoblins
  5 ball pythons
  3 frilled lizards (D:1)
  3 kobolds (D:1)
  2 rats
34 creatures vanquished.

Notes
Turn   | Place    | Note
-------+----------+-------------------------------------------
     0 | D:1      | a3don the Kobold Hedge Wizard began the quest for the Orb.
     0 | D:1      | Reached XP level 1. HP: 10/10 MP: 4/4
     7 | D:1      | Noticed an imperial myrmidon
     7 | D:1      | Noticed an iguana
   393 | D:1      | Found a faded altar of an unknown god.
   499 | D:1      | Reached XP level 2. HP: 16/16 MP: 6/6
   504 | D:1      | Prayed at the altar of an unknown god.
   504 | D:1      | Became a worshipper of the Shining One
   504 | D:1      | Reached * piety under the Shining One
   743 | D:1      | Reached skill level 1 in Short Blades
   966 | D:1      | Reached XP level 3. HP: 20/20 MP: 7/7
  1087 | D:1      | Noticed a yaktaur
  1627 | D:1      | Reached skill level 1 in Fighting
  2182 | D:2      | Learned a level 3 spell: Stone Arrow
  2247 | D:2      | Reached XP level 4. HP: 16/25 MP: 1/9
  3102 | D:3      | Noticed Terence
  3121 | D:3      | Slain by Terence

Illustrated notes

Levels and vault maps discovered:
D:1:      onia_arrival_zoo_common, layout_basic,
          chequers_ecumenical_altar_simple_redux
D:2:      layout_loops_cross, nrook_loot_triangle, minmay_splitting_lines
D:3:      layout_loops_corners, mainiacjoe_overflow_six_doors_small,
          cheibrodos_ashenzari_chains, serial_shops,
          nicolae_shop_bloodbath_and_beyond, ebering_ghost_reflecting_pool,
          serial_bayou_crossing, uniq_terence, uniq_ijyb

Skill      XL: |  1  2  3 |
---------------+----------+-----
Short Blades   | 1 2 |  2.2
Stealth        | 3 |  3.1
Fighting       | 1 |  1.1
Dodging        | |  2.8
Spellcasting   | |  3.5
Conjurations   | |  1.5
Summonings     | |  1.4
Translocations | |  1.0
Earth Magic    | |  0.3
Invocations    | |  0.4

Action                   |  1- 3 |  4- 6 || total
-------------------------+-------+-------++-------
Melee: Dagger            |    56 |    10 ||    66
       Punch             |     1 |       ||     1
Throw: Dart              |       |     5 ||     5
 Cast: Magic Dart        |    17 |    15 ||    32
  Use: Potion            |     1 |       ||     1
 Stab: Sleeping          |     2 |       ||     2
Armor: Robe              |     6 |     1 ||     7
Dodge: Dodged            |    40 |    12 ||    52

Table legend: (Time is in decaauts)
 A = Elapsed time spent in this place.
 B = Non-inter-level travel time spent in this place.
 C = Inter-level travel time spent in this place.
 D = Time resting spent in this place.
 E = Time spent auto-exploring this place.
 F = Levels seen in this place.
 G = Mean time per level.
                   A        B        C        D        E       F      G
               +--------+--------+--------+--------+--------+-----+--------+
         Total |   3116 |   3076 |     40 |    656 |   2181 |   3 | 1038.7 |
       Dungeon |   3116 |   3076 |     40 |    656 |   2181 |   3 | 1038.7 |
               +--------+--------+--------+--------+--------+-----+--------+

Top non-repeatable levels by time:
     D:1: 1839 daAuts
     D:2: 1258 daAuts
     D:3: 18 daAuts
